 Dungeon Crawl Stone Soup version 0.22-a0-362-g535178c (webtiles) character file.

86 Serpenta the Chopper (level 4, -1/35 HPs)
             Began as a Mummy Chaos Knight on Apr 19, 2018.
             Slain by Megalobster's ghost (3 damage)
             ... on level 3 of the Dungeon.
             The game lasted 00:02:48 (1705 turns).

Serpenta the Chopper (Mummy Chaos Knight)           Turns: 1705, Time: 00:02:49

Health: -1/35      AC:  5    Str: 16    XL:     4   Next: 26%
Magic:  4/4        EV: 11    Int: 11    God:    Xom [..*...]
Gold:   104        SH:  0    Dex: 11    Spells: 3/3 levels left

rFire    x . .     SeeInvis .   a - +0 hand axe (chaos)
rCold    + . .     Gourm    .   (no shield)
rNeg     + + +     Faith    .   b - +2 leather armour
rPois    ∞         Spirit   .   (no helmet)
rElec    .         Reflect  .   (no cloak)
rCorr    .         Harm     .   (no gloves)
MR       .....                  (no boots)
Stlth    +.........             e - amulet of magic regeneration
HPRegen  0.11/turn              (no ring)
MPRegen  0.34/turn              (no ring)

@: no status effects
A: no food or potions, fire vulnerability, cold resistance 1, negative energy
resistance 3, torment resistance, unbreathing
a: Renounce Religion


You were on level 3 of the Dungeon.
You worshipped Xom.
You were a toy of Xom.
You were not hungry.

You visited 1 branch of the dungeon, and saw 3 of its levels.

You collected 104 gold pieces.


Innate Abilities, Weirdness & Mutations

You do not eat or drink.
Your flesh is vulnerable to fire.
You are immune to poison.
Your flesh is cold resistant. (rC+)
You are immune to negative energy. (rN+++)
You are immune to unholy pain and torment.
You can survive without breathing.


   Skills:
 - Level 3.0 Fighting
 + Level 4.2 Axes
 - Level 1.5 Armour
 - Level 0.7 Dodging


You had 3 spell levels left.
You didn't know any spells.

Action                   |  1- 3 |  4- 6 || total
-------------------------+-------+-------++-------
Melee: Hand axe          |    84 |    58 ||   142
  Use: Scroll            |     2 |       ||     2
 Stab: Paralysed         |     2 |       ||     2
Armor: Leather armour    |    41 |    20 ||    61
Dodge: Dodged            |    53 |    34 ||    87

Inventory:

Hand Weapons
 a - a +0 hand axe of chaos (weapon)
 g - a +0 blowgun
Missiles
 h - 2 poisoned needles
Armour
 b - a +2 leather armour (worn)
Jewellery
 e - an amulet of magic regeneration (around neck)
Scrolls
 c - 4 scrolls of remove curse
 d - 2 scrolls of amnesia
 f - a scroll of fear {unknown}
 i - a scroll of identify {unknown}

#.........#####(..#####
#.......### #...#
#.....### #...# ###.###
#...# #.# )..#
######.####### ...#
..............##
##...##
########.###.#.###.....
#.#..###@##.#.##.#
#.#.## ##Wl......#
#.#..###.#b......#
#.....#.##..#.#..#
###.##(###.......#
#..### #.##.#... ...
#?. ...## .##. ### ###
. .#


You could see Megalobster's ghost, a bat and a frilled lizard.

Vanquished Creatures
  A worker ant zombie (D:2)
  3 adders
  3 dart slugs
  2 leopard geckos (D:1)
  A bat skeleton (D:2)
  2 giant cockroaches
  3 hobgoblins
  7 jackals
  A quokka (D:2)
  A ball python (D:3)
  3 bats (D:1)
  3 frilled lizards (D:1)
  3 goblins
  4 kobolds
  A rat (D:2)
38 creatures vanquished.

Vault maps used:
D:1:      scummos_arrival_gate, serial_forest, infiniplex_forest_lined_corner,
          infiniplex_forest_lined_ring, infiniplex_forest_clump_cross,
          infiniplex_forest_clump_medium, infiniplex_forest_lined_corner,
          infiniplex_forest_lined_2, infiniplex_forest_straight_4,
          skrybe_limestone_x
D:2:      lightli_temple_of_fire, serial_undead, serial_undead_f,
          serial_undead_b, serial_undead_e, serial_undead_b
D:3:      first_ration


Message History

You closely miss Megalobster's ghost.
Megalobster's ghost is severely damaged.
Megalobster's ghost hits you.
* * * LOW HITPOINT WARNING * * *
Megalobster's ghost barely misses you.
You barely miss Megalobster's ghost.
Megalobster's ghost is severely damaged.
Megalobster's ghost hits you.
* * * LOW HITPOINT WARNING * * *
You barely miss Megalobster's ghost.
Megalobster's ghost is heavily damaged.
Megalobster's ghost closely misses you. Megalobster's ghost hits you.
* * * LOW HITPOINT WARNING * * *
You hit Megalobster's ghost. You freeze Megalobster's ghost.
Megalobster's ghost is severely damaged.
Megalobster's ghost hits you.
* * * LOW HITPOINT WARNING * * *
Megalobster's ghost hits you.
You die...
Xom snickers!

Notes
Turn   | Place    | Note
-------+----------+-------------------------------------------
     0 | D:1      | Serpenta the Mummy Chaos Knight began the quest for the Orb.
     0 | D:1      | Reached XP level 1. HP: 18/18 MP: 1/1
   263 | D:1      | XOM: silly message
   378 | D:1      | Reached skill level 3 in Axes
   378 | D:1      | Reached XP level 2. HP: 23/24 MP: 2/2
   402 | D:1      | XOM: silly message
   796 | D:1      | XOM: harmless Tloc miscast
   907 | D:2      | XOM: noise
   927 | D:2      | Reached XP level 3. HP: 28/29 MP: 3/3
  1144 | D:2      | Found a burning altar of Makhleb.
  1154 | D:2      | Reached skill level 4 in Axes
  1439 | D:3      | Reached XP level 4. HP: 34/35 MP: 4/4
  1568 | D:3      | Noticed Megalobster's ghost (amateur GnNe)
  1578 | D:3      | XOM: noise
  1602 | D:3      | XOM: enchant monster (bad)
  1705 | D:3      | Slain by Megalobster's ghost
